 Dungeon Crawl Stone Soup version 0.28-a0-802-g09f76e8c00 (webtiles) character file.

Game seed: 8482874978908077137

20 gimp the Charlatan (level 2, -3/18 HPs)
             Began as a Gargoyle Artificer on Nov 6, 2021.
             Frozen to death by an endoplasm (4 damage)
             ... on level 2 of the Dungeon.
             The game lasted 00:01:19 (1228 turns).

gimp the Charlatan (Gargoyle Artificer)             Turns: 1228, Time: 00:01:20

Health: -3/18      AC:  8    Str: 15    XL:     2   Next: 79%
Magic:  2/2        EV: 10    Int: 11    God:
Gold:   32         SH:  0    Dex: 10    Spells: 1/1 levels left

rFire   . . .      SeeInvis .   a - +0 dagger
rCold   . . .      Faith    .   (no shield)
rNeg    + . .      Spirit   .   i - +0 ring mail
rPois   ∞          Reflect  .   (no helmet)
rElec   +          Harm     .   (no cloak)
rCorr   .          Rampage  .   (no gloves)
Will    .....                   (no boots)
Stlth   +.........              (no amulet)
HPRegen 0.06/turn               (no ring)
MPRegen 0.08/turn               (no ring)

@: no status effects
A: sickness immunity, AC +2, negative energy resistance 1, electricity
resistance, torment resistance 1, petrification resistance
a: no special abilities


You were on level 2 of the Dungeon.
You visited 1 branch of the dungeon, and saw 2 of its levels.

You collected 32 gold pieces.

Inventory:

Hand Weapons
 a - a +0 dagger (weapon)
 j - a +0 club
Armour
 i - a +0 ring mail (worn)
Wands
 c - a wand of flame (14) (quivered)
 d - a wand of charming (15)
Scrolls
 f - a scroll of identify {unknown}
Potions
 b - a potion of mutation {unknown}
 g - a potion of cancellation {unknown}
 h - a potion of curing {unknown}
 k - a potion of resistance {unknown}
Miscellaneous
 e - a piece from Xom's chessboard (15/15)


   Skills:
 * Level 2.5 Fighting
 + Level 2.6 Armour
 - Level 0.7 Dodging
 - Level 1.1 Stealth
 - Level 2.6 Evocations


You had one spell level left.
You didn't know any spells.
Your spell library contained the following spells:

 Spells                   Type           Power      Damage    Failure   Level
 Slow                     Hex            0%         N/A       56%         1
 Confusing Touch          Hex            0%         N/A       90%         3
 Yara's Violent Unravell  Hex/Tmut       0%         3d3       100%        5


Dungeon Overview and Level Annotations

Branches:
Dungeon (2/15)

Altars:


Innate Abilities, Weirdness & Mutations

You are immune to sickness and miasma.
Your stone body is resilient. (AC +2)
You are immune to poison.
You resist negative energy. (rN+)
You are resistant to electric shocks. (rElec)
You are resistant to unholy torment.
You are immune to petrification.


Message History

You hit the bat.
The bat is severely wounded.
The bat closely misses you. The bat hits you. The endoplasm misses you.
You take 1 damage, and have 12/18 hp.
You closely miss the bat.
The bat is severely wounded.
The bat hits you but does no damage. x2
The endoplasm freezes you.
You are frozen.
You take 3 damage, and have 9/18 hp.
You are too injured to fight recklessly!
You are too injured to fight recklessly!
You are too injured to fight recklessly!
The bat hits you.
You take 1 damage, and have 8/18 hp.
The bat closely misses you. The bat barely misses you.
The bat hits you but does no damage. The bat completely misses you.
The endoplasm hits you but does no damage.
The bat hits you but does no damage. x2
You barely miss the bat. The bat hits you but does no damage. x2
You closely miss the bat. The bat hits you but does no damage.
You hit the endoplasm but do no damage. The endoplasm misses you.
You hit the endoplasm.
The endoplasm is lightly wounded.
The endoplasm freezes you.
You are frozen.
* * * LOW HITPOINT WARNING * * *
You take 5 damage, and have 3/18 hp.
MASSIVE DAMAGE!!
You hit the endoplasm.
The endoplasm is severely wounded.
The endoplasm freezes you.
You are frozen.
* * * LOW HITPOINT WARNING * * *
You take 2 damage, and have 1/18 hp.
You barely miss the endoplasm.
The endoplasm is severely wounded.
The endoplasm freezes you.
You are frozen.
You die...

.#. ..!..# ...
....# ### . ..
...# #..
....#.#..# #.#
.........# #..
..##.###.###
#..
.........b#
#..
.##...b?#J#
############..
#######@#
#.............
........#
#.#########...
######..###.#
#...
.........##.#
#...
.......>.##.#
#...
.#.#.#.#....#
#... #
#.#.######
#..# ..#+
#########..#
.#
#..........#


You could see an endoplasm and a bat.

Vanquished Creatures
  2 dart slugs (D:1)
  2 giant cockroaches (D:1)
  2 goblins (D:1)
  A hobgoblin (D:1)
  3 kobolds (D:1)
  2 ball pythons (D:1)
  2 bats (D:1)
  A frilled lizard (D:1)
  A rat (D:1)
16 creatures vanquished.

Notes
Turn   | Place    | Note
-------+----------+-------------------------------------------
     0 | D:1      | gimp the Gargoyle Artificer began the quest for the Orb.
     0 | D:1      | Reached XP level 1. HP: 12/12 MP: 1/1
   387 | D:1      | Reached XP level 2. HP: 9/17 MP: 2/2
  1228 | D:2      | Frozen to death by an endoplasm

Illustrated notes

Levels and vault maps discovered:
D:1:      giann_bridges, layout_basic, hex_intersection
D:2:      layout_basic, serial_shops, nicolae_shop_overgrown_old_shop,
          serial_rivers, chequers_serial_rivers_small_a,
          chequers_serial_rivers_marsh, chequers_serial_rivers_small_b,
          chequers_serial_rivers_room_b, uniq_terence, uniq_crazy_yiuf_cottage

Skill      XL: |  1  2 |
---------------+-------+-----
Fighting       | 2 |  2.5
Armour         | |  2.6
Dodging        | |  0.7
Stealth        | |  1.1
Evocations     | |  2.6

Action                   || total
-------------------------++-------
Melee: Club              ||    24
       Dagger            ||    54
Evoke: Wand              ||     1
Armor: Leather armour    ||     6
       Ring mail         ||    36
Dodge: Dodged            ||    50

Table legend: (Time is in decaauts)
 A = Elapsed time spent in this place.
 B = Non-inter-level travel time spent in this place.
 C = Inter-level travel time spent in this place.
 D = Time resting spent in this place.
 E = Time spent auto-exploring this place.
 F = Levels seen in this place.
 G = Mean time per level.
                   A        B        C        D        E       F      G
               +--------+--------+--------+--------+--------+-----+--------+
         Total |   1236 |   1200 |     36 |      0 |   1033 |   2 |  618.0 |
       Dungeon |   1236 |   1200 |     36 |      0 |   1033 |   2 |  618.0 |
               +--------+--------+--------+--------+--------+-----+--------+

Top non-repeatable levels by time:
     D:1: 1099 daAuts
     D:2: 137 daAuts
